 Dungeon Crawl Stone Soup version 0.24.1-14-gf8d2b509d9 (webtiles) character file.

Game seed: 10221825024277115051, levelgen mode: deterministic

1613 Hugehornet the Changer (level 8, 0/57 HPs)
             Began as an Octopode Transmuter on May 17, 2020.
             Slain by a killer bee (8 damage)
             ... on level 8 of the Dungeon.
             The game lasted 00:12:39 (7665 turns).

Hugehornet the Changer (Octopode Transmuter)        Turns: 7665, Time: 00:12:40

Health: 0/57       AC:  6    Str: 14    XL:     8   Next: 95%
Magic:  13/15      EV: 15    Int: 18    God:
Gold:   342        SH:  0    Dex: 17    Spells: 2/17 levels left

rFire    x . .     SeeInvis .     - Unarmed
rCold    + + +     Gourm    .   (shield currently unavailable)
rNeg     . . .     Faith    .   (helmet currently unavailable)
rPois    +         Spirit   .   (no amulet)
rElec    .         Reflect  .   (no ring)
rCorr    .         Harm     .   (no ring)
MR       .....                  (no ring)
Stlth    +++.......             (no ring)
HPRegen  0.19/turn              (no ring)
MPRegen  0.14/turn              (no ring)
                                (no ring)
                                (no ring)

@: mighty, agile, ice-form
A: large, almost no armour, stealthy swim, amphibious, 8 rings, (constrict 8)
a: End Transformation


You were on level 8 of the Dungeon.
You were hungry.
You were a creature of crystalline ice.
You visited 1 branch of the dungeon, and saw 8 of its levels.

You collected 342 gold pieces.

Inventory:

Missiles
 a - 39 arrows
Jewellery
 p - an uncursed ring of magical power {unknown}
Wands
 m - a wand of digging (7)
 s - a wand of paralysis (9)
Scrolls
 b - 7 scrolls of remove curse
 d - a scroll of enchant weapon {unknown}
 k - a scroll of immolation {unknown}
 l - 3 scrolls of teleportation {unknown}
 n - 3 scrolls of magic mapping {unknown}
Potions
 e - a potion of flight
 g - 2 potions of magic
 h - a potion of ambrosia
 i - a potion of brilliance
 j - a potion of resistance {unknown}
 o - a potion of agility
 q - a potion of curing {unknown}
 r - a potion of might
Comestibles
 c - 9 rations


   Skills:
 - Level 1.0 Fighting
 - Level 2.0 Dodging
 - Level 5.4 Unarmed Combat
 + Level 5.3 Spellcasting
 - Level 6.1 Transmutations
 - Level 5.0 Ice Magic
 - Level 3.2 Poison Magic


You had 2 spell levels left.
You knew the following spells:

 Your Spells              Type           Power        Failure   Level  Hunger
a - Beastly Appendage     Tmut           ####..       1%          1    None
b - Sticks to Snakes      Tmut           ####....     1%          2    #......
c - Spider Form           Tmut/Pois      ###.......   6%          3    ##.....
d - Ice Form              Ice/Tmut       ###.....     13%         4    ####...
e - Blade Hands           Tmut           ####......   28%         5    ######.

Your spell library contained the following spells:

 Spells                   Type           Power        Failure   Level  Hunger


Dungeon Overview and Level Annotations

Branches:
Dungeon (9/15)
 Temple: D:4-7         Lair: D:8-11         Orc: D:9-12

Altars:
Ashenzari
Dithmenos
Elyvilon
Gozag
Hepliaklqana
Nemelex Xobeh
Okawaru
Qazlal
Xom
Zin
The Shining One

Annotations:
D:8 exclusion: two-headed ogre


Innate Abilities, Weirdness & Mutations

You cannot wear most types of armour.
You are very stealthy in the water. (Stealth+)
You are amphibious.
You can wear up to eight rings at the same time.
((You can use your tentacles to constrict eight enemies at once.))
((Your skin changes colour to match your surroundings (Stealth+).))
((Your rubbery body absorbs attacks. (AC +1, EV +1)))


Message History

You hit the killer bee. You freeze the killer bee.
The killer bee is severely wounded.
The killer bee completely misses you. The killer bee barely misses you.
You barely miss the killer bee.
The killer bee is severely wounded.
The killer bee stings you. The killer bee barely misses you.
You punch the killer bee! You freeze the killer bee.
You kill the killer bee!
The killer bee stings you!
* * * LOW HITPOINT WARNING * * *
You punch the killer bee! You freeze the killer bee.
The killer bee is heavily wounded.
The killer bee stings you.
* * * LOW HITPOINT WARNING * * *
The killer bee stings you.
* * * LOW HITPOINT WARNING * * *
It was a potion of might.
You feel very mighty all of a sudden. The killer bee stings you!
You die...

#.#.#.#
#.....#
#.....#
#.....#
.......#'#.#
########.#.###
...........÷#
#######.#.#.#
........#Y#†#
#########y#.#
.(.y...y#.#
#########>#
#.# #.# #.#
#.. ###


You could see 2 killer bees.

Vanquished Creatures
  A hippogriff (D:9)
  2 ice beasts (D:6)
  2 ogres (D:5)
  A centaur (D:5)
  A bullfrog (D:6)
  A scorpion (D:4)
  3 killer bees (D:8)
  3 crimson imps
  4 hounds
  2 jellies
  A gnoll shaman (D:5)
  2 orc priests
  A bullfrog skeleton (D:4)
  2 orc wizards (D:6)
  An iguana (D:4)
  3 worker ants
  A hound skeleton (D:6)
  5 gnolls (D:5)
  5 adders
  A shadow imp (D:5)
  An adder skeleton (D:6)
  A worm (D:3)
  6 dart slugs
  6 leopard geckos
  12 orcs
  A ball python (D:6)
  7 giant cockroaches
  2 goblins
  4 hobgoblins
  12 jackals
  3 quokkas
  8 bats
  5 frilled lizards
  A jackal skeleton (D:4)
  8 kobolds
  A leopard gecko skeleton (D:4)
  3 quokka skeletons
  3 rats (D:1)
126 creatures vanquished.

Notes
Turn   | Place    | Note
-------+----------+-------------------------------------------
     0 | D:1      | Hugehornet the Octopode Transmuter began the quest for the
                  | Orb.
     0 | D:1      | Reached XP level 1. HP: 13/13 MP: 3/3
   355 | D:1      | Reached XP level 2. HP: 18/18 MP: 3/5
   901 | D:1      | Reached skill level 3 in Transmutations
   993 | D:1      | Learned a level 2 spell: Sticks to Snakes
  1211 | D:2      | Reached XP level 3. HP: 14/23 MP: 4/6
  1216 | D:2      | Learned a level 3 spell: Spider Form
  1718 | D:2      | Found a shattered altar of Ashenzari.
  1733 | D:2      | Reached skill level 1 in Poison Magic
  2318 | D:3      | Reached XP level 4. HP: 28/28 MP: 6/8
  3114 | D:4      | Found a shimmering altar of Xom.
  3115 | D:4      | Found a hazy altar of Hepliaklqana.
  3116 | D:4      | Noticed a spectral ugly thing
  3146 | D:4      | Reached XP level 5. HP: 3/33 MP: 6/9
  3491 | D:4      | Learned a level 4 spell: Ice Form
  3759 | D:4      | Reached skill level 1 in Ice Magic
  3759 | D:4      | Reached XP level 6. HP: 34/38 MP: 10/10
  4880 | D:5      | Entered Level 5 of the Dungeon
  5063 | D:5      | Reached skill level 4 in Transmutations
  5063 | D:5      | Reached XP level 7. HP: 15/43 MP: 9/12
  6313 | D:6      | Found a shattered altar of Ashenzari.
  6347 | D:6      | Reached skill level 5 in Transmutations
  6347 | D:6      | Reached XP level 8. HP: 42/48 MP: 9/13
  6560 | D:6      | Reached skill level 5 in Unarmed Combat
  6973 | D:6      | Learned a level 5 spell: Blade Hands
  6990 | D:6      | Found an opulent altar of Gozag.
  6996 | D:6      | Found a shadowy altar of Dithmenos.
  6996 | D:6      | Found a sparkling altar of Nemelex Xobeh.
  6996 | D:6      | Found a glowing silver altar of Zin.
  6998 | D:6      | Found an iron altar of Okawaru.
  6999 | D:6      | Found a white marble altar of Elyvilon.
  7001 | D:6      | Found a stormy altar of Qazlal.
  7177 | D:6      | Found a glowing golden altar of the Shining One.
  7190 | D:6      | You fall into a shaft and drop 3 floors!
  7190 | D:9      | Noticed a hippogriff
  7199 | D:9      | Killed a hippogriff
  7199 | D:9      | Reached skill level 6 in Transmutations
  7199 | D:9      | Reached skill level 5 in Ice Magic
  7450 | D:8      | Reached skill level 5 in Spellcasting
  7639 | D:8      | Noticed a two-headed ogre
  7665 | D:8      | Slain by a killer bee

Levels and vault maps discovered:
D:1:      zelgadis_glass_arrival_small, layout_loops_ring
D:2:      layout_basic, lemuel_round_altar
D:3:      layout_basic
D:4:      layout_loops_cross, regret_index_temple_of_mockery, first_ration
D:5:      layout_loops_ring
D:6:      layout_cave_pools, minitemple, hangedman_feature_mirror
D:8:      layout_basic, grunt_livestock, uniq_prince_ribbit1
D:9:      layout_cave_pods, lemuel_doored_altar, solitary_fountain

Skill      XL: |  1  2  3  4  5  6  7  8 |
---------------+-------------------------+-----
Transmutations | 3 4 5 6 |  6.1
Poison Magic   | 1 3 |  3.2
Spellcasting   | 3 5 |  5.3
Unarmed Combat | 4 5 |  5.4
Ice Magic      | 1 2 3 5 |  5.0
Fighting       | |  1.0
Dodging        | |  2.0

Action                   |  1- 3 |  4- 6 |  7- 9 || total
-------------------------+-------+-------+-------++-------
Melee: Unarmed           |    90 |   144 |   176 ||   410
       Constrict         |    27 |    27 |    18 ||    72
       Tentacles         |     9 |    19 |    12 ||    40
       Kick              |    17 |    22 |    16 ||    55
       Punch             |     2 |     4 |       ||     6
 Cast: Beastly Appendage |    27 |    24 |    17 ||    68
       Spider Form       |       |     6 |     5 ||    11
       Sticks to Snakes  |       |       |     4 ||     4
       Ice Form          |       |       |     5 ||     5
 Abil: End Transformatio |       |     3 |     5 ||     8
  Use: Scroll            |     3 |     1 |     2 ||     6
       Potion            |       |       |     3 ||     3
 Stab: Sleeping          |     4 |     4 |     3 ||    11
  Eat: Chunk             |     5 |     6 |     9 ||    20
       Ration            |       |     1 |       ||     1
Armor: Skin              |    10 |     6 |    21 ||    37
Dodge: Dodged            |    70 |   117 |   112 ||   299
